 Dungeon Crawl Stone Soup version 0.24-a0-408-gcc1054c7ca (webtiles) character file.

Game seed: 4208483442805066587

474803 EnegeticOcto the Peltast (level 23, 0/184 HPs)
             Began as a Mummy Wanderer on June 5, 2019.
             Was a Follower of Uskayaw.
             Slain by a death yak (24 damage)
             ... summoned by a spriggan berserker
             ... on level 5 of the Depths.
             The game lasted 03:05:26 (92754 turns).

EnegeticOcto the Peltast (Mummy Wanderer)          Turns: 92754, Time: 03:05:27

Health: 0/184      AC: 23    Str: 19    XL:     23   Next: 60%
Magic:  17/46      EV: 18    Int: 20    God:    Uskayaw [*.....]
Gold:   1775       SH: 17    Dex: 17    Spells: 21/42 levels left

rFire    + + +     SeeInvis +   b - +9 quick blade (drain)
rCold    + . .     Gourm    .   d - +2 shield
rNeg     + + +     Faith    +   m - quicksilver dragon scales
rPois    ∞         Spirit   .   a - +1 helmet of the Ladybird {rElec rF++}
rElec    +         Reflect  .   X - +2 cloak {MR+}
rCorr    +         Harm     .   j - +1 pair of gloves "Gyntumy" {rF++}
MR       ++++.                  T - +2 pair of boots {Stlth+}
Stlth    ++++++....             J - amulet of faith
HPRegen  0.40/turn              S - ring of Waisan {rF+ rN+ rCorr Stlth+}
MPRegen  0.30/turn              g - ring of Kuim {MP+9 Int+4 Dex+4 SInv, =R}

@: swift, very slightly contaminated, quick
A: no food or potions, fire vulnerability, cold resistance 1, negative energy
resistance 3, torment resistance, unbreathing, in touch with death 1
}: 2/15 runes: decaying, serpentine
a: Stomp, Renounce Religion


You were on level 5 of the Depths.
You worshipped Uskayaw.
Uskayaw was pleased with you.
You were not hungry.

You visited 9 branches of the dungeon, and saw 44 of its levels.
You also visited: Ice Cave and Wizlab.

You collected 5942 gold pieces.
You spent 4167 gold pieces at shops.

Inventory:

Hand Weapons
 b - a +9 quick blade of draining (weapon)
Missiles
 n - 2093 arrows
 F - 2 throwing nets (quivered) {!f}
 G - 8 silver javelins
 M - 7 javelins
Armour
 a - the +1 helmet of the Ladybird (worn) {rElec rF++}
   (You bought it in a shop on level 1 of the Vaults)

   It greatly protects you from fire.
   It insulates you from electricity.
 d - a +2 shield (worn)
 j - the +1 pair of gloves "Gyntumy" (worn) {rF++}
   (You bought it in a shop on level 6 of the Dungeon)

   It greatly protects you from fire.
 k - +0 swamp dragon scales
 m - quicksilver dragon scales (worn)
 I - a scarf of cloud immunity
 T - a +2 pair of boots of stealth (worn)
 X - a +2 cloak of magic resistance (worn)
Jewellery
 g - the ring of Kuim (right hand) {MP+9 Int+4 Dex+4 SInv, =R}
   (You bought it in a shop on level 2 of the Snake Pit)

   [ring of magical power]

   It affects your intelligence (+4).
   It affects your dexterity (+4).
   It affects your magic capacity (+9).
   It lets you see invisible.
 J - an amulet of faith (around neck)
 R - a +5 ring of slaying
 S - the ring of Waisan (left hand) {rF+ rN+ rCorr Stlth+}
   (You found it on level 13 of the Dungeon)

   [ring of resist corrosion]

   It protects you from fire.
   It protects you from negative energy.
   It provides partial protection from all sources of acid and corrosion.
   It makes you more stealthy.
Wands
 e - a wand of disintegration (3)
 f - a wand of digging (7)
 l - a wand of enslavement (13)
 r - a wand of polymorph (39)
 u - a wand of random effects (68)
 v - a wand of iceblast (69)
 w - a wand of acid (10)
 z - a wand of clouds (4)
 K - a wand of scattershot (8)
 N - a wand of flame (15)
 O - a wand of paralysis (15)
Scrolls
 c - 13 scrolls of identify {@r1}
 h - 5 scrolls of fear {!r}
 i - a scroll of torment
 o - 7 scrolls of enchant armour
 p - 2 scrolls of holy word
 q - 5 scrolls of noise
 s - 5 scrolls of magic mapping {@r5 !r}
 t - 15 scrolls of teleportation {@r3 !r}
 x - 4 scrolls of brand weapon
 y - 27 scrolls of remove curse {@r2}
 A - 10 scrolls of amnesia
 B - 9 scrolls of fog {!r}
 H - 4 scrolls of immolation
 Z - 2 scrolls of enchant weapon
Miscellaneous
 C - a lamp of fire
 D - a fan of gales
 L - a phantom mirror
 Q - a fan of gales
 U - a sack of spiders
 V - a lightning rod (4/4)


   Skills:
 - Level 16.1 Fighting
 - Level 8.3 Short Blades
   Level 1.0(5.2) Long Blades
   Level 1.5 Axes
   Level 1.0 Bows
 - Level 1.0 Throwing
 - Level 8.0 Armour
 - Level 10.0 Dodging
 + Level 10.2 Stealth
 - Level 17.4 Shields
 - Level 10.0 Spellcasting
 - Level 2.4 Hexes
 - Level 10.0 Summonings
 - Level 10.0 Necromancy
 - Level 6.0 Transmutations
 - Level 10.0 Air Magic
 * Level 9.8 Earth Magic
 - Level 12.0 Invocations
 - Level 8.0 Evocations


You had 21 spell levels left.
You knew the following spells:

 Your Spells              Type           Power        Failure   Level  Hunger
a - Apportation           Tloc           ##....       11%         1    N/A
b - Passwall              Tmut/Erth      #####...     1%          2    N/A
c - Summon Lightning Spi  Summ/Air       ######..     1%          4    N/A
d - Lee's Rapid Deconstr  Erth           #####.....   5%          5    N/A
e - Summon Butterflies    Summ           ######..     1%          1    N/A
f - Swiftness             Chrm/Air       ####....     1%          2    N/A
q - Confusing Touch       Hex            ###...       4%          1    N/A
M - Borgnjor's Vile Clut  Necr/Erth      ######....   5%          5    N/A

Your spell library contained the following spells:

 Spells                   Type           Power        Failure   Level  Hunger
 Sandblast                Erth           #####.       1%          1    N/A
 Shock                    Conj/Air       ####         1%          1    N/A
 Summon Small Mammal      Summ           ####         1%          1    N/A
 Call Imp                 Summ           ######..     1%          2    N/A
 Poisonous Vapours        Pois/Air       ####..       1%          2    N/A
 Call Canine Familiar     Summ           ######..     1%          3    N/A
 Airstrike                Air            ######....   1%          4    N/A
 Summon Guardian Golem    Hex/Summ       ####....     2%          3    N/A
 Static Discharge         Conj/Air       ####....     4%          3    N/A
 Stone Arrow              Conj/Erth      ####..       4%          3    N/A
 Petrify                  Tmut/Erth      #####...     4%          4    N/A
 Mephitic Cloud           Conj/Pois/Air  ###.....     9%          3    N/A
 Flame Tongue             Conj/Fire      ##...        11%         1    N/A
 Freeze                   Ice            ##..         11%         1    N/A
 Magic Dart               Conj           ##..         11%         1    N/A
 Sting                    Conj/Pois      ##..         11%         1    N/A
 Confuse                  Hex            ###.....     12%         3    N/A
 Tukima's Dance           Hex            ###.....     12%         3    N/A
 Ignite Poison            Fire/Tmut/Pois ###.....     14%         3    N/A
 Summon Ice Beast         Ice/Summ       ####....     14%         4    N/A
 Searing Ray              Conj           ##....       16%         2    N/A
 Throw Flame              Conj/Fire      ##....       16%         2    N/A
 Throw Frost              Conj/Ice       ##....       16%         2    N/A
 Dazzling Spray           Conj/Hex       ##....       21%         3    N/A
 Inner Flame              Hex/Fire       ##......     21%         3    N/A
 Summon Mana Viper        Hex/Summ       ####....     24%         5    N/A
 Conjure Flame            Conj/Fire      ##......     32%         3    N/A
 Gell's Gravitas          Tloc           ##........   32%         3    N/A
 Ozocubu's Armour         Chrm/Ice       ##......     32%         3    N/A
 Teleport Other           Tloc           ##......     32%         3    N/A
 Yara's Violent Unravell  Hex/Tmut       ####......   47%         5    N/A
 Fulminant Prism          Conj/Hex       ##........   54%         4    N/A
 Alistair's Intoxication  Tmut/Pois      ###.....     65%         5    N/A
 Irradiate                Conj/Tmut      ###.......   65%         5    N/A
 Force Lance              Conj/Tloc      ##......     71%         4    N/A
 Iskenderun's Mystic Bla  Conj           ##......     71%         4    N/A
 Olgreb's Toxic Radiance  Pois           ##......     71%         4    N/A
 Sticky Flame             Conj/Fire      ##......     71%         4    N/A
 Throw Icicle             Conj/Ice       ##......     71%         4    N/A
 Metabolic Englaciation   Hex/Ice        ##........   88%         5    N/A
 Fireball                 Conj/Fire      ##........   96%         5    N/A
 Venom Bolt               Conj/Pois      ##........   96%         5    N/A
 Freezing Cloud           Conj/Ice/Air   ###.......   99%         6    N/A
 Malign Gateway           Summ/Tloc      ####......   100%        7    N/A
 Controlled Blink         Tloc           N/A          100%        8    N/A
 Dragon's Call            Summ           ######....   100%        9    N/A
 Statue Form              Tmut/Erth      Unusable     N/A         6    N/A
 Hydra Form               Tmut           Unusable     N/A         6    N/A
 Dragon Form              Tmut           Unusable     N/A         7    N/A

Dungeon Overview and Level Annotations

Branches:
Dungeon (15/15)            Temple (1/1) D:6            Lair (6/6) D:11
  Swamp (4/4) Lair:2        Snake (4/4) Lair:4        Slime (0/5) Lair:6
    Orc (2/2) D:9             Elf (3/3) Orc:2        Vaults (4/5) D:13
  Crypt (0/3) Vaults:3     Depths (5/5) D:15
    Zot: Depths:5

Altars:
Ashenzari
Cheibriados
Dithmenos
Elyvilon
Fedhas
Gozag
Hepliaklqana
Kikubaaqudgha
Makhleb
Nemelex Xobeh
Okawaru
Qazlal
Ru
Sif Muna
Trog
Uskayaw
Vehumet
Wu Jian
Xom
Yredelemnul
Zin
The Shining One
Lugonu

Shops:
D:6 *   D:8 !   D:13 :   Orc:2 !=[?   Elf:1 [(   Elf:3 *   Snake:2 ==}
Vaults:1 ?[=:?   Vaults:3 !   Vaults:4 *   Depths:2 (

Portals:
Hell: Depths:1 Depths:2 Depths:3 Depths:4
Abyss: Depths:2 Depths:4
Pandemonium: Depths:3 Depths:5
Ziggurat: Depths:3

Annotations:
D:4 Pikel
D:9 1 runed translucent door, dracomuter's ghost, journeyman DgCj
D:11 1 runed translucent door, temitten's ghost, journeyman SpEn
Lair:4 2 runed translucent doors, Niystymau's ghost, journeyman DrAE
Lair:6 exclusion: 3 oklob plants
Swamp:2 2 transporters
Swamp:4 exclusion: Roxanne, Roxanne
Elf:2 3 runed translucent doors
Depths:5 exclusion: door


Innate Abilities, Weirdness & Mutations

You do not eat or drink.
Your flesh is vulnerable to fire.
You are immune to poison.
Your flesh is cold resistant. (rC+)
You are immune to negative energy. (rN+++)
You are immune to unholy pain and torment.
You can survive without breathing.
You are in touch with the powers of death.


Message History

The spriggan berserker misses you. You block the spark wasp's attack.
You block the death yak's attack.
The spark wasp stings you but does no damage.
You can now stomp with the beat.
You hit the spark wasp but do no damage.
The spark wasp is severely wounded.
The spark wasp stings you but does no damage.
The spriggan berserker closely misses you.
You stomp with the beat, sending a shockwave through the revelers around you!
You kill the spark wasp!
The death yak is severely wounded.
The spark wasp is almost dead.
The spriggan berserker is moderately wounded.
You can no longer stomp with the beat.
The death yak barely misses you. You block the spark wasp's attack.
You block the spriggan berserker's attack.
You block the death yak's attack. The spark wasp closely misses you.
You can now stomp with the beat.
You puncture the spark wasp!
You kill the spark wasp!
You can now pass through a line of other dancers.
You barely miss the spark wasp.
You block the spriggan berserker's attack.
The death yak misses you.
You hit the spark wasp.
The spark wasp is lightly wounded.
The ynoxinul gestures.
The spark wasp misses you.
You stomp with the beat, sending a shockwave through the revelers around you!
The death yak is severely wounded.
The spark wasp is moderately wounded.
The spriggan berserker is heavily wounded.
You can no longer pass through a line of other dancers.
You block the death yak's attack.
You block the spriggan berserker's attack.
The spark wasp misses you.
The swamp worm throws harpoon shot at you.
The harpoon shot misses you.
The harpoon shot misses the spark wasp.
The white draconian barely misses you.
The ynoxinul gestures.
The death yak gores you!!
You stomp with the beat, sending a shockwave through the revelers around you!
You kill the ufetubus!
The death yak is almost dead.
The spark wasp is heavily wounded.
The spriggan berserker is almost dead.
You can no longer stomp with the beat.
The spark wasp stings you! The spark wasp shocks you. You resist.
The spriggan berserker closely misses you.
The death yak completely misses you. You block the spark wasp's attack.
The white draconian hits you but does no damage.
You can now stomp with the beat.
You stomp with the beat, sending a shockwave through the revelers around you!
The swamp worm is moderately wounded.
The death yak is almost dead.
The spark wasp is severely wounded.
The spriggan berserker is almost dead.
You can no longer stomp with the beat.
The spriggan berserker hits you with a +2 antimagic war axe!
You feel your power leaking away. The death yak gores you!!
The spark wasp stings you.
* * * LOW HITPOINT WARNING * * *
The spark wasp shocks you. You resist.
* * * LOW HITPOINT WARNING * * *
The swamp worm misses you.
The spriggan berserker hits you but does no damage.
The death yak completely misses you.
You can now stomp with the beat.
Okay, then.
Blink to where?
Press: ? - help, Dir - move target cursor You are very lightly contaminated with residual magic.
As you read the scroll of blinking {@r4}, it crumbles to dust.
The spriggan berserker rages.
The spark wasp bursts into living lightning!
The living lightning hits you! You resist.
* * * LOW HITPOINT WARNING * * *
The spark wasp blinks!
You block the spark wasp's attack.
Evoke which item? (* to show all) (? for menu, Esc to quit)
Aiming: Enslavement
Press: ? - help, Shift-Dir - straight line, f - spark wasp
Aim: a spark wasp (severely wounded, chance to defeat MR: 51%)
The spark wasp is charmed.
The spriggan berserker rages.
The death yak rages.
You hear a roar!
Evoke which item? (* to show all) (? for menu, Esc to quit)
Aiming: Dig
Press: ? - help, Shift-Dir - straight line, p - spark wasp A rock wall.
The rock shatters into small pieces.
You hear a shout! x2
Casting: Summon Lightning Spire (safe; 1% risk of failure)
Confirm with . or Enter, or press ? or * to list all spells.
You feel quick. The death yak gores you!!
* * * LOW HITPOINT WARNING * * *
An ufetubus opens the door.
The spriggan berserker hits your spark wasp with a +2 antimagic war axe!!
Your spark wasp dies!
The death yak gores you!!
You die...

####### #.....## #....... #######
#....... +.#...# #....... ####+
#.#..i###### ####...... ####....
'.#.5.†#...####..#......
.......###5'.##Y##........#......
#.#.#.....5#55..@###......#...†..
.#.#.#.....#.#.....#....#+###....
#.#.#......#'#.....'..#'#...'.†††
.#.#.#.#...#.##...#.###.....#...†
#∩#.#..#w###..##'##..<......####.
#.#.#55Q#........##...........#.
#.#.#...d#.........#...........#.
$#.#.#5#3#.........#.%.........#.
#.#.#..#*5........!####..........


You could see a death yak (berserk), a spriggan berserker (berserk) and 4
ufetubi.

Vanquished Creatures
  Mara (Vaults:4)
  Mennas (Depths:3)
  2 juggernauts
  Sojobo (Vaults:4)
  Frederick (Vaults:4)
  Bai Suzhen (Depths:3)
  8 golden dragons
  Margery (Depths:3)
  Xtahua (Depths:3)
  4 caustic shrikes
  2 tentacled monstrosities (Depths:4)
  Asterion (Depths:1)
  3 deep elf blademasters (Elf:3)
  A lich (Depths:4)
  2 quicksilver dragons (Depths:4)
  2 deep elf master archers (Elf:3)
  Gastronok (D:11)
  3 sphinxes
  2 tengu reavers (Vaults:4)
  Kirke (Lair:6)
  4 thorn hunters
  A shadow dragon (Depths:4)
  A storm dragon (Vaults:4)
  Donald (Swamp:2)
  8 nagarajas
  3 orc warlords
  13 vault wardens
  7 deep elf sorcerers
  3 frost giants
  4 fire giants
  A balrug (Depths:1)
  6 deep elf elementalists
  2 spriggan defenders (Depths:4)
  11 ironheart preservers
  A ghoul (Vaults:3)
  8 very ugly things
  4 entropy weavers
  12 stone giants
  A juggernaut skeleton (Depths:4)
  3 vampire knights
  4 deep elf annihilators (Elf:3)
  9 deep elf demonologists
  6 deep elf death magi
  2 spark wasps (Depths:5)
  9 ettins
  A merfolk javelineer (Depths:4)
  Snorg (D:14)
  6 fire dragons
  2 green deaths (Swamp:4)
  8 yaktaur captains
  5 great orbs of eyes
  4 deep elf high priests
  3 rakshasas
  2 hell beasts
  A monstrous demonspawn (Depths:3)
  16 hydras
  7 spriggan air magi
  5 ice dragons
  A shambling mangrove (Swamp:4)
  3 vault guards
  13 naga warriors
  4 shock serpents
  Erica (D:8)
  14 centaur warriors
  12 anacondas
  14 ogre magi
  9 tengu warriors
  7 death knights
  6 orc high priests
  A satyr (shapeshifter) (D:15)
  A queen ant (Lair:6)
  31 two-headed ogres
  9 deep troll earth magi
  7 deep troll shamans
  9 alligators
  6 death yaks
  15 dancing weapons
  2 vampire magi
  10 naga sharpshooters
  3 spriggan berserkers
  Urug (Lair:3)
  9 deep elf knights
  3 storm dragon zombies
  3 sun demons
  5 hell knights
  A golden dragon zombie (Depths:4)
  3 salamander mystics
  3 skeletal warriors
  A fire crab (shapeshifter) (Depths:2)
  An entropy weaver zombie (Vaults:3)
  6 naga ritualists
  A spriggan druid (Depths:1)
  2 glowing orange brains
  4 flayed ghosts
  5 unseen horrors
  6 swamp dragons
  A death drake (Vaults:2)
  A sea snake (shapeshifter) (D:15)
  3 wizards
  A lindwurm (Lair:6)
  12 deep elf archers
  28 deep trolls
  2 phantasmal warriors
  A fire giant zombie (Vaults:3)
  18 ironbrand convokers
  38 deep elf magi
  11 necromancers
  24 orc knights
  5 wolf spiders
  10 mana vipers
  8 harpies (Vaults:2)
  13 salamanders
  2 orc sorcerers
  A sphinx skeleton (Vaults:1)
  6 cyclopes
  20 ugly things
  44 black mambas
  9 vault sentinels
  2 fire giant skeletons
  25 naga magi
  5 guardian serpents
  2 ice statues (IceCv)
  A gargoyle (D:14)
  3 smoke demons
  3 molten gargoyles (Lair:6)
  A rust devil (Depths:3)
  2 orange demons (Swamp:4)
  A torpor snail (Lair:4)
  A hellion (Depths:3)
  6 rime drakes
  14 spiny frogs
  47 yaktaurs
  A komodo dragon (shapeshifter) (D:14)
  A yaktaur zombie (Vaults:4)
  9 komodo dragons
  Psyche (D:11)
  2 rime drakes (shapeshifter)
  An efreet (D:13)
  A redback zombie (D:14)
  A hellwing (Depths:5)
  6 freezing wraiths
  A spark wasp simulacrum (Depths:4)
  3 tengu conjurers
  3 yaktaur skeletons
  A harpy zombie (D:15)
  7 ice devils (IceCv)
  A merfolk (D:11)
  2 queen bees (shapeshifter) (Vaults:3)
  23 slime creatures
  A tengu simulacrum (Vaults:3)
  9 tyrant leeches
  14 blink frogs
  7 trolls
  18 hornets
  An ettin zombie (Vaults:1)
  A harpy skeleton (D:15)
  8 bog bodies
  2 meliai zombies
  4 polar bears
  A dream sheep (shapeshifter) (D:15)
  Grinder (D:5)
  A stone giant simulacrum (Vaults:2)
  9 hippogriffs
  5 shadows
  A spriggan (shapeshifter) (Depths:3)
  A tarantella (shapeshifter) (Vaults:3)
  9 spriggans
  7 wraiths
  4 redbacks (Vaults:2)
  4 air elementals
  33 yaks
  2 tarantellas (Vaults:2)
  6 water elementals
  3 wyverns
  5 hogs (Lair:6)
  6 basilisks
  3 steam dragons
  A human (shapeshifter) (Elf:2)
  3 fire elementals
  An elf zombie (Vaults:1)
  A deep troll zombie (Vaults:4)
  24 vampire mosquitoes
  Edmund (D:3)
  3 hungry ghosts
  9 wargs
  15 swamp worms
  13 insubstantial wisps
  17 soldier ants
  An acid dragon (D:11)
  9 water moccasins
  5 porcupines
  4 hell hounds (Lair:6)
  2 floating eyes
  53 nagas
  An ice beast (shapeshifter) (D:14)
  9 swamp drakes
  2 sky beasts
  3 slaves
  2 black bears
  A hornet zombie (D:11)
  An ice beast (D:6)
  62 orc warriors
  2 black bears (shapeshifter)
  An eye of draining (D:11)
  4 necrophages
  42 ogres
  6 phantoms
  12 wolves
  10 boggarts
  A tengu (shapeshifter) (D:15)
  29 centaurs
  4 crocodiles
  An elf skeleton (Vaults:3)
  2 big kobolds
  21 bullfrogs
  2 earth elementals (Elf:2)
  3 gnoll sergeants
  5 scorpions
  A troll zombie (D:8)
  A wyvern skeleton (D:9)
  6 killer bees (D:10)
  An orc simulacrum (Vaults:1)
  A howler monkey (D:6)
  2 wights (D:7)
  3 electric eels
  11 crimson imps
  5 lava snakes (Lair:6)
  2 human simulacra
  6 quasits
  3 centaur zombies
  6 hounds
  4 jellies
  6 human zombies
  2 gnoll shamans
  4 iguanas
  An iron imp (Depths:4)
  45 orc priests
  24 orc wizards
  6 centaur skeletons
  A bullfrog skeleton (D:10)
  Ijyb (D:5)
  7 human skeletons
  36 worker ants
  2 hound zombies
  3 hound skeletons
  A mummy (D:8)
  A worker ant zombie (D:11)
  Robin (D:4)
  19 gnolls
  A howler monkey skeleton (D:8)
  12 adders
  5 shadow imps
  9 white imps
  9 ufetubi (IceCv)
  2 oozes (D:3)
  2 adder zombies
  A worm (D:3)
  2 dart slugs (D:1)
  6 leopard geckos
  114 orcs
  A ball python (D:3)
  5 giant cockroaches
  13 goblins
  10 hobgoblins
  17 jackals
  5 quokkas
  6 bats
  2 frilled lizards
  20 kobolds
  A leopard gecko skeleton (D:7)
  2 leopard gecko zombies
  6 rats
  2 plants (D:1)
1910 creatures vanquished.

Vanquished Creatures (collateral kills)
  A deep elf blademaster (Elf:3)
  A thorn hunter (Swamp:1)
  A nagaraja (Snake:4)
  2 death oozes (Swamp:4)
  A deep troll shaman (Vaults:1)
  A deep troll earth mage (Vaults:1)
  An orc high priest (Orc:2)
  A thrashing horror (Swamp:4)
  3 naga sharpshooters (Snake:1)
  A deep elf knight (Elf:3)
  2 skeletal warriors
  A deep elf archer (Vaults:1)
  A swamp dragon (Swamp:4)
  A harpy (Vaults:1)
  A deep elf mage (Elf:3)
  A manticore (D:13)
  A mana viper (Snake:1)
  2 naga magi (Snake:4)
  A large abomination (Swamp:4)
  A spiny frog (Swamp:4)
  A troll (Orc:1)
  A bog body (Swamp:4)
  2 wraiths
  4 nagas
  A swamp drake (Swamp:1)
  2 orc warriors
  2 gnolls (D:6)
38 creatures vanquished.

Vanquished Creatures (others)
  2 caustic shrikes (Depths:5)
  A reaper (IceCv)
  A very ugly thing (Depths:4)
  A spark wasp (Depths:5)
  2 deep elf magi
  A hippogriff (D:8)
  A human (Lair:6)
  A slave (D:4)
  A wight (D:8)
  An iron imp (Depths:3)
  An orc priest (D:6)
  A gnoll (D:2)
  4 white imps (IceCv)
  An ufetubus (IceCv)
  3 orcs
  6 fungi
  8 plants
  2 withered plants (D:11)
38 creatures vanquished.

Grand Total: 1986 creatures vanquished

Notes
Turn   | Place    | Note
-------+----------+-------------------------------------------
     0 | D:1      | EnegeticOcto the Mummy Wanderer began the quest for the
                  | Orb.
     0 | D:1      | EnegeticOcto set off with the following items: a +2 dagger,
                  | a curare-tipped dart, a +0 hand axe, a +0 buckler, a +0
                  | robe
     0 | D:1      | Reached XP level 1. HP: 18/18 MP: 1/1
   505 | D:1      | Reached XP level 2. HP: 2/24 MP: 2/2
  1796 | D:2      | Reached XP level 3. HP: 28/30 MP: 3/3
  2528 | D:2      | Reached skill level 5 in Fighting
  2528 | D:2      | Reached XP level 4. HP: 15/39 MP: 4/4
  3854 | D:3      | Reached XP level 5. HP: 46/46 MP: 5/5
  5290 | D:4      | Reached XP level 6. HP: 21/53 MP: 6/6
  5501 | D:4      | Noticed Edmund
  6138 | D:3      | Killed Edmund
  6601 | D:4      | You fall into a shaft and drop 2 floors!
  6601 | D:6      | Found a staircase to the Ecumenical Temple.
  6609 | Temple   | Entered the Ecumenical Temple
  6872 | D:6      | Reached XP level 7. HP: 31/62 MP: 7/7
  7188 | D:5      | Entered Level 5 of the Dungeon
  7188 | D:5      | Noticed Grinder
  7199 | D:6      | Found Ybiavvut's General Store.
  7371 | Temple   | Became a worshipper of Uskayaw the Reveler
  7466 | D:6      | Reached * piety under Uskayaw
  7473 | D:6      | Reached ** piety under Uskayaw
  7500 | D:6      | Found a shadowy altar of Dithmenos.
  7537 | D:6      | Found a snail-covered altar of Cheibriados.
  7570 | D:6      | Found an opulent altar of Gozag.
  7747 | D:6      | Reached skill level 1 in Short Blades
  8209 | D:5      | Noticed Pikel
  8446 | D:6      | Reached skill level 2 in Shields
  8458 | D:6      | Reached *** piety under Uskayaw
  8755 | D:7      | Found an ornate altar of the Wu Jian Council.
  8832 | D:7      | Reached XP level 8. HP: 59/70 MP: 8/8
  9266 | D:6      | Reached skill level 3 in Shields
  9342 | D:5      | Killed Grinder
  9793 | D:4      | Reached skill level 4 in Shields
  9817 | D:4      | Got a transparent bronze amulet
 10210 | D:4      | Noticed Robin
 10235 | D:4      | Killed Robin
 10243 | D:4      | Reached **** piety under Uskayaw
 10864 | D:5      | Identified the amulet "Gatucio" {Inacc *Drain rC+ Int+4}
                  | (You found it on level 4 of the Dungeon)
 10939 | D:5      | Found a sparkling altar of Nemelex Xobeh.
 10939 | D:5      | Found an ornate altar of the Wu Jian Council.
 10944 | D:5      | Found a burning altar of Makhleb.
 10946 | D:5      | Found a sacrificial altar of Ru.
 10948 | D:5      | Found a glowing golden altar of the Shining One.
 11107 | D:5      | Noticed Ijyb
 11168 | D:5      | Killed Ijyb
 11615 | D:7      | Reached XP level 9. HP: 39/77 MP: 9/9
 11986 | D:7      | Reached skill level 5 in Short Blades
 11986 | D:7      | Reached skill level 1 in Dodging
 11986 | D:7      | Reached skill level 1 in Invocations
 12013 | D:7      | Found an iron altar of Okawaru.
 12022 | D:7      | Found a basalt altar of Yredelemnul.
 12029 | D:7      | Found a bloodstained altar of Trog.
 13511 | D:7      | Reached skill level 10 in Fighting
 13902 | D:8      | Found Catab's Distillery.
 14018 | D:8      | Noticed a two-headed ogre
 14904 | D:8      | Got a thick robe
 14972 | D:8      | Reached XP level 10. HP: 74/85 MP: 12/12
 15262 | D:8      | Noticed Erica
 15365 | D:6      | Bought 5 atropa-tipped darts for 45 gold pieces
 16294 | D:9      | Found a stormy altar of Qazlal.
 16513 | D:9      | Found a staircase to the Orcish Mines.
 16568 | D:9      | Identified a scroll of acquirement
 16584 | D:9      | Found a runed translucent door.
 16585 | D:9      | Noticed dracomuter's ghost (journeyman DgCj)
 17510 | D:10     | Entered Level 10 of the Dungeon
 18034 | D:6      | Bought the +1 pair of gloves "Gyntumy" {rF++} for 510 gold
                  | pieces
 18448 | D:9      | Reached skill level 5 in Invocations
 18640 | D:10     | Killed an unseen horror
 18640 | D:10     | Reached skill level 5 in Dodging
 18792 | D:10     | Noticed a two-headed ogre
 19045 | D:10     | Reached skill level 1 in Stealth
 19045 | D:10     | Reached skill level 1 in Evocations
 19045 | D:10     | Reached XP level 11. HP: 70/90 MP: 14/14
 19684 | D:10     | Killed a two-headed ogre
 20034 | D:11     | Noticed a cyan ugly thing
 20879 | D:11     | Found a runed translucent door.
 20879 | D:11     | Noticed temitten's ghost (journeyman SpEn)
 21071 | D:11     | Found a glowing golden altar of the Shining One.
 21158 | D:11     | Killed an unseen horror
 21284 | D:11     | Killed a cyan ugly thing
 21330 | D:11     | Noticed Psyche
 21337 | D:11     | Killed Psyche
 21401 | D:11     | Noticed Gastronok
 22042 | D:11     | Found a staircase to the Lair.
 22137 | D:11     | Killed Gastronok
 22267 | D:11     | Reached skill level 5 in Stealth
 22578 | Lair:1   | Entered Level 1 of the Lair of Beasts
 22957 | Lair:1   | Reached XP level 12. HP: 95/100 MP: 11/15
 23986 | Lair:1   | Identified the +1 robe of Filth {rF+ rCorr} (You found it
                  | on level 8 of the Dungeon)
 24148 | Lair:2   | Learned a level 1 spell: Confusing Touch
 24251 | Lair:2   | Reached skill level 1 in Spellcasting
 24322 | Lair:2   | Noticed an eight-headed hydra
 24328 | Lair:2   | Killed an eight-headed hydra
 24328 | Lair:2   | Reached skill level 1 in Hexes
 24503 | Lair:2   | Found a staircase to the Swamp.
 24860 | Lair:3   | Noticed Urug
 25060 | Lair:3   | Killed Urug
 25334 | Lair:3   | Learned a level 4 spell: Summon Lightning Spire
 25653 | Lair:3   | Reached ***** piety under Uskayaw
 25656 | Lair:3   | Got a shimmering dagger
 25657 | Lair:3   | Identified the +0 dagger "Killer Bee's Doom" {speed, +Blink
                  | rPois Int+2} (You found it on level 3 of the Lair of
                  | Beasts)
 26037 | Lair:4   | You fall into a shaft and drop 2 floors!
 26037 | Lair:6   | Entered Level 6 of the Lair of Beasts
 26049 | Lair:6   | Found a staircase to the Slime Pits.
 26113 | Lair:5   | Reached skill level 1 in Summonings
 26113 | Lair:5   | Reached skill level 1 in Air Magic
 26364 | Lair:4   | Found a frozen archway.
 26384 | IceCv    | Entered an ice cave
 26536 | IceCv    | Killed a reaper
 27521 | IceCv    | Reached skill level 5 in Spellcasting
 27866 | IceCv    | Gained mutation: You are in touch with the powers of death.
                  | [Mummy growth]
 27866 | IceCv    | Reached XP level 13. HP: 63/108 MP: 20/20
 28825 | IceCv    | Identified Sienog's Grimoire of Displacement
 29076 | Lair:4   | Found a runed translucent door.
 29091 | Lair:4   | Found a staircase to the Snake Pit.
 29172 | Lair:4   | Found a runed translucent door.
 29174 | Lair:4   | Noticed Niystymau's ghost (journeyman DrAE)
 29175 | Lair:4   | Identified the +3 trident "Urphocim" {protect, rPois Int-5
                  | Dex+4}
 29389 | Lair:4   | Reached skill level 1 in Long Blades
 32311 | Lair:6   | Reached ****** piety under Uskayaw
 32330 | Lair:6   | Noticed an entropy weaver
 32335 | Lair:6   | Noticed an entropy weaver
 32408 | Lair:6   | Killed an entropy weaver
 32414 | Lair:6   | Killed an entropy weaver
 32748 | Lair:6   | Reached skill level 5 in Air Magic
 32805 | Lair:6   | Reached skill level 5 in Summonings
 33735 | Lair:5   | HP: 2/108 [death yak (10)]
 34373 | Lair:4   | Reached XP level 14. HP: 63/115 MP: 14/21
 34963 | Lair:6   | Found a large runed translucent door.
 34976 | Lair:6   | Found a large runed translucent door.
 35365 | Lair:6   | Noticed Kirke
 35527 | Lair:6   | Killed Kirke
 36453 | Lair:6   | Got a brightly glowing golden amulet
 36454 | Lair:6   | Identified the amulet "Jioprio" {Harm *Drain rC+ Str+3
                  | Dex+4} (You found it on level 6 of the Lair of Beasts)
 36792 | D:8      | Killed Erica
 37261 | D:8      | Found an ancient bone altar of Kikubaaqudgha.
 37535 | Orc:1    | Entered Level 1 of the Orcish Mines
 37665 | Orc:1    | Noticed an orc warlord
 38093 | D:9      | Found a stormy altar of Qazlal.
 38258 | D:9      | Found a staircase to the Orcish Mines.
 38619 | D:9      | Killed an orc warlord
 38841 | D:9      | Found a runed translucent door.
 39338 | Orc:1    | Noticed an orc warlord
 39345 | Orc:1    | Killed an orc warlord
 39623 | Orc:2    | Entered Level 2 of the Orcish Mines
 40067 | Orc:1    | Reached skill level 10 in Invocations
 42487 | Orc:2    | Found a staircase to the Elven Halls.
 45203 | Orc:2    | Found Casafamo's Jewellery Shop.
 45206 | Orc:2    | Found Mior's Armour Boutique.
 45207 | Orc:2    | Found Pudoh's Distillery.
 45208 | Orc:2    | Found Huaqeder's Magic Scroll Shop.
 45216 | Orc:2    | Bought a scroll of brand weapon for 300 gold pieces
 45217 | Orc:2    | Bought a scroll of enchant armour for 112 gold pieces
 45217 | Orc:2    | Bought a scroll of teleportation for 45 gold pieces
 45217 | Orc:2    | Bought a scroll of teleportation for 45 gold pieces
 45217 | Orc:2    | Bought a scroll of enchant armour for 112 gold pieces
 45217 | Orc:2    | Bought a scroll of summoning for 142 gold pieces
 45217 | Orc:2    | Bought a scroll of vulnerability for 112 gold pieces
 45221 | Orc:2    | Bought a +1 cloak of magic resistance for 165 gold pieces
 45235 | Orc:2    | Learned a level 1 spell: Apportation
 45486 | D:12     | Got a pair of warped gloves
 45487 | D:12     | Identified the cursed +0 pair of gloves of the Several
                  | Cities {Str+4 Dex+4} (You found it on level 12 of the
                  | Dungeon)
 45901 | D:12     | Reached XP level 15. HP: 117/120 MP: 22/22
 46487 | D:13     | Found a bloodstained altar of Trog.
 46819 | D:13     | Found a gate to the Vaults.
 46832 | D:13     | Found a glowing golden altar of the Shining One.
 47117 | D:13     | Reached skill level 5 in Armour
 47160 | D:13     | Found Ulabynal's Book Shop.
 47313 | D:13     | Got a shimmering steel ring
 47314 | D:13     | Identified the ring of Waisan {rF+ rN+ rCorr Stlth+} (You
                  | found it on level 13 of the Dungeon)
 48217 | D:14     | Found a stormy altar of Qazlal.
 48640 | D:14     | Noticed Snorg
 48652 | D:14     | Killed Snorg
 48931 | D:15     | Entered Level 15 of the Dungeon
 49099 | D:15     | Identified the +1 scale mail of the Beggar {rF+ Str+3} (You
                  | found it on level 15 of the Dungeon)
 49997 | D:15     | Found a sparkling altar of Nemelex Xobeh.
 50359 | D:15     | Found a staircase to the Depths.
 50758 | Swamp:1  | Entered Level 1 of the Swamp
 51136 | Swamp:1  | Noticed a thorn hunter
 51167 | Swamp:1  | Killed a thorn hunter
 51359 | Swamp:1  | Reached skill level 10 in Air Magic
 51860 | Swamp:1  | Reached skill level 10 in Summonings
 52248 | Swamp:2  | Noticed Donald
 52253 | Swamp:2  | Killed Donald
 52253 | Swamp:2  | Reached XP level 16. HP: 127/127 MP: 18/23
 52741 | Swamp:2  | Reached skill level 5 in Shields
 53065 | Swamp:2  | Noticed a thorn hunter
 53192 | Swamp:1  | Killed a thorn hunter
 53409 | Swamp:2  | Found a transporter.
 53454 | Swamp:2  | Found a transporter.
 53617 | Swamp:2  | Noticed a thorn hunter
 53928 | Swamp:3  | Reached skill level 6 in Shields
 54420 | Swamp:3  | Noticed a thorn hunter
 54450 | Swamp:3  | Killed a thorn hunter
 54740 | Swamp:4  | Entered Level 4 of the Swamp
 54753 | Swamp:4  | Noticed a thorn hunter
 54773 | Swamp:4  | Reached skill level 7 in Shields
 54847 | Swamp:4  | Killed a thorn hunter
 55240 | Swamp:4  | Reached skill level 8 in Shields
 55316 | Swamp:4  | Noticed a thorn hunter
 55328 | Swamp:4  | Killed a thorn hunter
 56031 | Swamp:4  | Reached skill level 9 in Shields
 56433 | Swamp:4  | Got a decaying rune of Zot
 56587 | Swamp:4  | Reached skill level 10 in Shields
 56926 | Swamp:4  | Identified Roxanne's Grimoire of the Rocks
 56926 | Swamp:4  | Noticed Roxanne
 57121 | Snake:1  | Entered Level 1 of the Snake Pit
 57797 | Snake:1  | Reached XP level 17. HP: 131/133 MP: 24/24
 58068 | Snake:1  | Reached skill level 11 in Shields
 59607 | Snake:2  | Reached skill level 12 in Shields
 59795 | Snake:2  | Found Canloech's Jewellery Boutique.
 59796 | Snake:2  | Found Elliasmo's Gadget Shoppe.
 59797 | Snake:2  | Found Safassua's Jewellery Boutique.
 59811 | Snake:2  | Bought an uncursed amulet of faith for 520 gold pieces
 59822 | Snake:2  | Bought the ring of Kuim {MP+9 Int+4 Dex+4 SInv} for 768
                  | gold pieces
 61465 | Snake:4  | Entered Level 4 of the Snake Pit
 64081 | Snake:4  | Reached skill level 13 in Shields
 64140 | Snake:4  | Reached XP level 18. HP: 83/142 MP: 26/26
 65091 | Snake:4  | Got a serpentine rune of Zot
 65434 | Vaults:1 | Entered Level 1 of the Vaults
 65435 | Vaults:1 | Found Quuhuita's Magic Scroll Shop.
 65797 | Vaults:1 | Found Keojoe's Book Emporium.
 66329 | Vaults:1 | Found Tavobl Yczu's Antique Armour Shoppe.
 66337 | Vaults:1 | Bought a polished helmet for 266 gold pieces
 66337 | Vaults:1 | Identified the +1 helmet of the Ladybird {rElec rF++} (You
                  | bought it in a shop on level 1 of the Vaults)
 66359 | Vaults:1 | Found Virphepn's Jewellery Boutique.
 66962 | Vaults:1 | Found Hegeec's Magic Scroll Shoppe.
 67012 | Vaults:1 | Reached skill level 14 in Shields
 67961 | Vaults:2 | Noticed an Ice Fiend
 67964 | Vaults:2 | Noticed a Hell Sentinel
 67967 | Vaults:2 | Noticed a Tzitzimitl
 69321 | Elf:1    | Entered Level 1 of the Elven Halls
 69522 | Elf:1    | Reached XP level 19. HP: 130/151 MP: 28/28
 70492 | Elf:1    | Found Zacsont's Weapon Shoppe.
 70492 | Elf:1    | Found Mekk's Armour Emporium.
 71144 | Elf:2    | Reached skill level 15 in Shields
 71771 | Elf:2    | Learned a level 2 spell: Passwall
 71777 | Elf:2    | Learned a level 5 spell: Lee's Rapid Deconstruction
 71939 | Elf:2    | Found a runed translucent gate.
 71939 | Elf:2    | Found a runed translucent gate.
 71949 | Elf:2    | Found a runed translucent gate.
 72015 | Elf:3    | Entered Level 3 of the Elven Halls
 72512 | Elf:3    | Found Qopnobb's General Store.
 73038 | Elf:3    | Identified the +7 glaive of Mourning {chop, MR+}
 74821 | Elf:3    | Reached XP level 20. HP: 157/161 MP: 29/29
 74826 | Elf:3    | Got a pair of fine gloves
 74827 | Elf:3    | Identified the +2 pair of gloves "Forget-Me-Not" {Int+3}
                  | (You found it on level 3 of the Elven Halls)
 74841 | Elf:3    | Identified the Reference Book on Ensnaring Feathers
 74909 | Elf:3    | Identified the Disquisition on Lightness and Beguiling
 75106 | Elf:3    | Bought a scroll of teleportation for 33 gold pieces
 75106 | Elf:3    | Bought a scroll of fog for 22 gold pieces
 75337 | Vaults:1 | Bought a scroll of acquirement for 780 gold pieces
 75463 | Vaults:2 | Reached skill level 16 in Shields
 75569 | Vaults:2 | Reached skill level 15 in Fighting
 76148 | Vaults:2 | Identified the Grimoire of Contamination
 77667 | Vaults:3 | Found Jucerchizid's Distillery.
 77854 | Vaults:3 | Reached skill level 10 in Dodging
 78347 | Vaults:3 | Found a staircase to the Crypt.
 78760 | Vaults:3 | Reached skill level 17 in Shields
 79982 | Vaults:3 | Reached XP level 21. HP: 152/171 MP: 30/30
 80746 | Vaults:4 | Identified Sif Muna's Handbook of Vitriolic Summoning
 80768 | Vaults:4 | Learned a level 1 spell: Summon Butterflies
 80807 | Vaults:4 | Reached skill level 1 in Transmutations
 80808 | Vaults:4 | Reached skill level 1 in Earth Magic
 80925 | Vaults:4 | Noticed Mara
 80932 | Vaults:4 | Noticed EnegeticOcto's illusion
 80986 | Vaults:4 | Killed Mara
 81294 | Vaults:4 | Reached skill level 5 in Evocations
 81319 | Vaults:4 | Noticed Frederick
 81359 | Vaults:4 | Killed Frederick
 81407 | Vaults:4 | Noticed Sojobo
 82609 | Vaults:4 | Killed Sojobo
 82832 | Vaults:4 | Found Gyt Byk's Assorted Antiques.
 83032 | Vaults:4 | Bought a transparent wooden ring for 190 gold pieces
 83032 | Vaults:4 | Identified the ring "Gaof" {Dex+4 Stlth+} (You bought it in
                  | a shop on level 4 of the Vaults)
 83340 | Depths:1 | Entered Level 1 of the Depths
 83633 | Depths:1 | Noticed Asterion
 83688 | Depths:1 | Killed Asterion
 84494 | Depths:1 | Found a gateway to Hell.
 84499 | Depths:1 | Identified the Disquisition on Calling and Earth
 84507 | Depths:1 | Learned a level 5 spell: Borgnjor's Vile Clutch
 84756 | Depths:1 | Reached skill level 1 in Necromancy
 85600 | Depths:2 | Found a one-way gate to the infinite horrors of the Abyss.
 85781 | Depths:2 | Reached XP level 22. HP: 178/178 MP: 34/34
 85787 | Depths:2 | Reached skill level 5 in Earth Magic
 86260 | Depths:2 | Found Lewkuly's Antique Weapon Shoppe.
 86393 | Depths:3 | Noticed Margery
 86414 | Depths:3 | Killed Margery
 86785 | Depths:3 | Noticed Mennas
 86786 | Depths:3 | Killed Mennas
 86817 | Depths:3 | Noticed Bai Suzhen
 86845 | Depths:3 | Killed Bai Suzhen
 86845 | Depths:3 | Reached skill level 5 in Necromancy
 86845 | Depths:3 | Reached skill level 5 in Transmutations
 86918 | Depths:3 | Noticed a caustic shrike
 86919 | Depths:3 | Noticed a golden dragon
 86940 | Depths:3 | Killed a caustic shrike
 86944 | Depths:3 | Killed a golden dragon
 87240 | Depths:3 | Found a gateway to a ziggurat.
 87321 | Depths:3 | Noticed Xtahua
 87343 | Depths:3 | Killed Xtahua
 87750 | Depths:3 | Found a one-way gate leading to the halls of Pandemonium.
 87885 | Depths:3 | Learned a level 2 spell: Swiftness
 88137 | Depths:4 | Found a magical portal.
 88143 | WizLab   | Entered The Hall of the Hellbinder
 88938 | Depths:4 | Noticed a golden dragon
 88962 | Depths:4 | Noticed a golden dragon
 88968 | Depths:4 | Killed a golden dragon
 88993 | Depths:4 | Killed a golden dragon
 88993 | Depths:4 | Reached skill level 10 in Spellcasting
 89581 | Depths:4 | Found a basalt altar of Yredelemnul.
 89623 | Depths:4 | Found a corrupted altar of Lugonu.
 89849 | Depths:4 | Reached XP level 23. HP: 153/184 MP: 37/37
 90175 | Depths:4 | Paralysed by a floating eye for 4 turns
 91282 | Depths:4 | Noticed a juggernaut
 91299 | Depths:4 | Killed a juggernaut
 91642 | Depths:5 | Entered Level 5 of the Depths
 91703 | Depths:5 | Noticed a caustic shrike
 91703 | Depths:5 | Noticed a caustic shrike
 91779 | Depths:5 | Noticed a caustic shrike
 91779 | Depths:5 | Noticed a caustic shrike
 92639 | Depths:5 | Noticed a caustic shrike
 92641 | Depths:5 | Noticed a juggernaut
 92649 | Depths:5 | Killed a caustic shrike
 92650 | Depths:5 | Killed a caustic shrike
 92651 | Depths:5 | Killed a caustic shrike
 92651 | Depths:5 | Reached skill level 10 in Stealth
 92651 | Depths:5 | Reached skill level 10 in Necromancy
 92652 | Depths:5 | Killed a juggernaut
 92754 | Depths:5 | Slain by a death yak

Levels and vault maps discovered:
D:1:      tarquinn_simple_flora_water_c, layout_basic
D:2:      layout_basic, minmay_tromino_i4
D:3:      layout_basic, chequers_serial_rivers_small_b, saegor_snake_ambush
D:4:      layout_loops_cross, uniq_edmund, uniq_robin
D:5:      layout_gridville, chequers_temple_overflow_minitemple, first_ration,
          uniq_ijyb, uniq_pikel, uniq_grinder
D:6:      layout_rooms, kennysheep_little_box, grunt_gozag_breadcrumbs,
          marbit_many_paths, lemuel_temple_firewalk_b, serial_shops,
          nicolae_shop_window_shopping
D:7:      minmay_octagon_keep, layout_loops_ring,
          minmay_overflow_temple_star_quad, basic_altar,
          minmay_misc_feat_pillars, kennysheep_opposing_triangles
D:8:      layout_loops_ring, lemuel_mausoleum_altar_kikubaaqudgha, serial_shops,
          shop, uniq_erica
D:9:      minmay_chambers_of_sixes, layout_basic, lemuel_doored_altar,
          gammafunk_ghost_grave
D:10:     layout_irregular_city, kennysheep_dice
D:11:     layout_layer_cave, grunt_lair_entry_orc_guard_hut,
          gammafunk_ghost_grave, hangedman_fish_farm,
          nicolae_tso_swordbearing_angel, uniq_psyche, uniq_gastronok
D:12:     layout_long_grid
D:13:     layout_loops_ring, david_vaults_2, serial_shops, shop,
          hangedman_feature_mirror
D:14:     layout_long_grid, basic_altar, uniq_snorg
D:15:     gammafunk_enter_depths_forms, layout_irregular_city,
          minmay_misc_feat_more_columns, nemelex_altar_shiori
Temple:   kb_temple_of_zot
Lair:1:   layout_long_grid, grunt_megastairs_4
Lair:2:   layout_roguey, nicolae_swamp_entry_splash_gauntlet, grunt_megastairs_2
Lair:3:   layout_roguey, uniq_urug
Lair:4:   gammafunk_mikee_crab_dinner, layout_regular_city, dummy_snake_entry,
          enter_volcano_1, ebering_ghost_funeral_grove, portal_ice_cave_rime,
          nicolae_quartered_pool_super
Lair:5:   layout_misc_corridors
Lair:6:   cheibrodos_lair_end_hotspot, layout_long_grid,
          minmay_slime_entry_oklob_open, zaba_anthell, uniq_kirke
Swamp:1:  layout_falls_marsh, evilmike_swamp_ruin_house_2, swamp_pool5
Swamp:2:  gammafunk_the_bubble [the_bubble_gammafunk_split], layout_basic_swamp,
          nicolae_swamp_fairy_circle, infiniplex_staircase_pool, uniq_donald
Swamp:3:  layout_basic_swamp, evilmike_swamp_ruin_house_1
Swamp:4:  swamp_vile, layout_basic_swamp, swamp_pool2, uniq_roxanne, uniq_nikola
Snake:1:  layout_onion_interference
Snake:2:  layout_onion, minmay_shop_grove
Snake:3:  layout_honeycomb, lemuel_fruit_tree
Snake:4:  snake_pit, layout_basic
Orc:1:    layout_diamond_mine, nicolae_orc_pool_cavern
Orc:2:    st_orc_pillars, layout_diamond_mine
Elf:1:    layout_geoelf_octagon, special_room [special_room_orc],
          hangedman_corner_corridor, st_stairs_8, grunt_ministairs_15,
          minmay_shoptagon
Elf:2:    layout_geoelf_grid, uniq_saint_roka, uniq_azrael
Elf:3:    minmay_elf_hall, layout_loops_cross, serial_shops,
          nicolae_shop_waterfront, minivault_25, minivault_25
Vaults:1: vaults_mumra_minichess_inversion, nicolae_vaults_network_quincunx
          [nicolae_vaults_network_quincunx_subvault,
          nicolae_vaults_network_quincunx_subvault,
          nicolae_vaults_network_quincunx_subvault,
          nicolae_vaults_network_quincunx_subvault,
          nicolae_vaults_network_quincunx_subvault], serial_ice_h,
          hangedman_vaults_snaps, ontoclasm_vaults_fault,
          vaults_room_stairs_pillars, vaults_room_grunt_arrival_ludios,
          layout_vaults_chaotic_city, serial_shops, shop,
          nicolae_shop_statue_plus, shop, shop, shop_fountains
Vaults:2: grunt_vaults_twisty, v_alt_pattern_3, nicolae_vaults_puzzle_piece,
          nicolae_vaults_little_ls, vaults_standard_mumra_lines,
          grunt_vaults_swirl, vaults_room_ringed_pool, grunt_vaults_focal,
          hangedman_vaults_restitches, hangedman_vaults_maws,
          vaults_room_hangedman_quadrants, nicolae_vaults_little_squares_6,
          nicolae_vaults_little_squares_1, layout_vaults_ring,
          serial_hangedman_research, hangedman_research_toxicology
Vaults:3: minmay_crypt_entry_simple_plaza, ontoclasm_vaults_ligature,
          nicolae_vaults_windows_and_doors_thing, nicolae_vaults_circle_grid_a,
          nicolae_vaults_rhombus_5, hangedman_vaults_unwind,
          nicolae_vaults_three_branches, ontoclasm_vaults_hangar,
          vaults_room_corners, v_misc_4, nicolae_vaults_angled_halls, v_misc_10,
          vaults_dpeg_cross, ontoclasm_vaults_twist, nicolae_vaults_theta,
          layout_vaults_maze_bifur, serial_shops, shop
Vaults:4: v_alt_pattern_2, nicolae_vaults_network_star, v_misc_25,
          nicolae_vaults_disjoint_gnomons, dpeg_vaults_monster_box, v_misc_18,
          hangedman_vaults_stream, grunt_vaults_diagonal,
          grunt_vaults_hallway_short, nicolae_vaults_specimen_jars,
          layout_vaults_omnicross, serial_shops, nicolae_shop_trees,
          uniq_frederick, uniq_mara, uniq_sojobo
Depths:1: layout_basic, lightli_too_deep, hangedman_decor_lopped,
          grunt_decor_arrowhead, chequers_serial_rivers_micro_a,
          kilobyte_rumbling_trees, uniq_asterion
Depths:2: kennysheep_cluttered_fort, layout_gridville, serial_shops,
          kennysheep_mini_moat, hell_entry, kennysheep_decorative_pillar,
          abyss_entry
Depths:3: minmay_curly_fans, layout_basic, enter_ziggurat_f,
          pf_hell_entry_tar_spiral, kennysheep_minor_cross,
          grunt_pan_entry_sceptre, infiniplex_staircase_pool_2, uniq_margery,
          uniq_xtahua, uniq_bai_suzhen, uniq_mennas
Depths:4: hangedman_box_tower, layout_gridlike, abyss_entry_flame_altar,
          mu_enter_wizlab_7, basic_altar, grunt_hell_entry_dis_mu
Depths:5: grunt_zot_entry_tricorne, layout_honeycomb, rand_demon_pan_entry_3,
          minmay_misc_feat_diagonals, hangedman_coc_ice_floe,
          minmay_statues_item

Skill      XL: |  1  2  3  4  5  6  7  8  9 10 11 12 13 14 15 16 17 18 19 20 21 22 23 |
---------------+----------------------------------------------------------------------+-----
Fighting       | 4 5 6 8 9 10 11 12 13 14 16 | 16.1
Short Blades   | 2 4 6 8 |  8.3
Shields        | 2 4 10 13 14 15 17 | 17.4
Dodging        | 2 5 7 9 10 | 10.0
Invocations    | 3 5 6 8 10 11 12 | 12.0
Stealth        | 1 5 6 7 9 10 | 10.2
Evocations     | 1 4 6 7 8 |  8.0
Armour         | 4 7 8 |  8.0
Spellcasting   | 5 8 10 | 10.0
Hexes          | 2 |  2.4
Summonings     | 2 5 8 10 | 10.0
Air Magic      | 2 5 8 10 | 10.0
Long Blades    | 1 |  1.0
Transmutations | 4 6 |  6.0
Earth Magic    | 4 7 9 |  9.8
Necromancy     | 3 7 10 | 10.0
Axes           | |  1.5
Bows           | |  1.0
Throwing       | |  1.0

Action                   |  1- 3 |  4- 6 |  7- 9 | 10-12 | 13-15 | 16-18 | 19-21 | 22-24 || total
-------------------------+-------+-------+-------+-------+-------+-------+-------+-------++-------
Melee: Dagger            |   343 |   179 |       |       |       |       |       |       ||   522
       Short sword       |       |    59 |   854 |   176 |       |       |       |       ||  1089
       Quick blade       |       |       |       |  1088 |  2827 |  2330 |  2528 |  1093 ||  9866
       Demon blade       |       |       |       |       |    64 |       |       |       ||    64
Throw: Dart              |     3 |    44 |    51 |    64 |    27 |    46 |     1 |       ||   236
       Stone             |     2 |     1 |       |       |       |       |       |       ||     3
 Cast: Summon Lightning  |       |       |       |       |    29 |    26 |     9 |     3 ||    67
       Apportation       |       |       |       |       |       |     1 |       |       ||     1
       Borgnjor's Vile C |       |       |       |       |       |       |       |     6 ||     6
       Swiftness         |       |       |       |       |       |       |       |     1 ||     1
Invok: Stomp             |       |       |    18 |    31 |    87 |   100 |   117 |    29 ||   382
       Line Pass         |       |       |       |       |     2 |       |       |     1 ||     3
       Grand Finale      |       |       |       |       |     1 |     2 |     3 |     4 ||    10
Evoke: Wand              |     3 |       |    13 |    48 |    22 |    35 |    12 |    24 ||   157
       Lightning rod     |       |       |       |       |     4 |     4 |     8 |       ||    16
       Lamp of fire      |       |       |       |       |       |       |       |     1 ||     1
  Use: Scroll            |       |    10 |     6 |    14 |    12 |    11 |    13 |    14 ||    80
 Stab: Paralysed         |       |       |     8 |    55 |    88 |   130 |   183 |    89 ||   553
       Sleeping          |       |       |     2 |    11 |    32 |    38 |    26 |    17 ||   126
       Confused          |       |       |       |     1 |     1 |       |       |       ||     2
       Distracted        |       |       |       |     2 |    13 |     6 |     7 |     3 ||    31
Armor: Robe              |     9 |       |       |       |       |       |       |       ||     9
       Scale mail        |    35 |    73 |    51 |       |       |       |       |       ||   159
       Ring mail         |       |       |   150 |   186 |   374 |   372 |       |       ||  1082
       Swamp dragon scal |       |       |       |       |       |     8 |   261 |    45 ||   314
       Quicksilver drago |       |       |       |       |       |       |       |   126 ||   126
Dodge: Dodged            |    53 |    74 |   225 |   290 |   635 |   461 |   444 |   261 ||  2443
Block: Buckler           |    21 |    40 |    87 |   145 |   422 |    52 |       |       ||   767
       Reflection        |       |       |       |       |    14 |     1 |       |       ||    15
       Shield            |       |       |       |       |       |   654 |   807 |   383 ||  1844
       Rpst.: Demon blade |       |       |       |       |     7 |       |       |       ||     7

Table legend:
 A = Non-vault XP
 B = Vault XP
 C = Vault XP percentage of total XP
 D = Non-vault monster count
 E = Vault monster count
 F = Vault count percentage of total count
                 A         B        C        D         E       F
            +---------+---------+-------+---------+---------+-------
      Total |  522270 |  407239 |  43.8 |    1320 |     629 |  32.3
            +---------+---------+-------+---------+---------+-------
        D:1 |      55 |       0 |   0.0 |      22 |       0 |   0.0
        D:2 |      95 |       7 |   6.9 |      23 |       4 |  14.8
        D:3 |     192 |     168 |  46.7 |      31 |       2 |   6.1
        D:4 |     405 |      26 |   6.0 |      17 |       7 |  29.2
        D:5 |     330 |     294 |  47.1 |       8 |       2 |  20.0
        D:6 |    1089 |       0 |   0.0 |      20 |       0 |   0.0
        D:7 |    1487 |    1142 |  43.4 |      36 |      15 |  29.4
        D:8 |    1890 |    1911 |  50.3 |      29 |      13 |  31.0
        D:9 |    3363 |     974 |  22.5 |      31 |       6 |  16.2
       D:10 |    4414 |     138 |   3.0 |      31 |       2 |   6.1
       D:11 |    3247 |    3510 |  51.9 |      19 |       8 |  29.6
       D:12 |    4848 |       0 |   0.0 |      28 |       0 |   0.0
       D:13 |    7708 |    2701 |  25.9 |      20 |       3 |  13.0
       D:14 |    8346 |    1134 |  12.0 |      27 |       1 |   3.6
       D:15 |    8135 |    3924 |  32.5 |      25 |      13 |  34.2
     Lair:1 |    4303 |     604 |  12.3 |      17 |       2 |  10.5
     Lair:2 |    2009 |    1141 |  36.2 |       7 |       5 |  41.7
     Lair:3 |    2511 |     824 |  24.7 |      16 |       1 |   5.9
     Lair:4 |    7263 |     721 |   9.0 |      27 |       2 |   6.9
     Lair:5 |    6906 |       0 |   0.0 |      27 |       0 |   0.0
     Lair:6 |    7617 |   17423 |  69.6 |      14 |      77 |  84.6
    Swamp:1 |   18472 |     409 |   2.2 |      44 |       3 |   6.4
    Swamp:2 |    8986 |    1764 |  16.4 |      22 |       1 |   4.3
    Swamp:3 |    6897 |     136 |   1.9 |      21 |       1 |   4.5
    Swamp:4 |   15765 |   18755 |  54.3 |      38 |      30 |  44.1
    Snake:1 |   13230 |       0 |   0.0 |      33 |       0 |   0.0
    Snake:2 |   17123 |       0 |   0.0 |      33 |       0 |   0.0
    Snake:3 |   25126 |       0 |   0.0 |      43 |       0 |   0.0
    Snake:4 |   24440 |   26656 |  52.2 |      52 |      44 |  45.8
      Orc:1 |    9477 |    2088 |  18.1 |      83 |      14 |  14.4
      Orc:2 |    1525 |    7504 |  83.1 |      27 |      53 |  66.2
      Elf:1 |   21375 |    9609 |  31.0 |      31 |      28 |  47.5
      Elf:2 |   20031 |    1799 |   8.2 |      31 |       2 |   6.1
      Elf:3 |   10201 |   41762 |  80.4 |      20 |      26 |  56.5
   Vaults:1 |   23651 |   17052 |  41.9 |      45 |      22 |  32.8
   Vaults:2 |   46052 |   31416 |  40.6 |      64 |      56 |  46.7
   Vaults:3 |   18376 |   30955 |  62.7 |      40 |      51 |  56.0
   Vaults:4 |   16360 |   48958 |  75.0 |      37 |      33 |  47.1
   Depths:1 |   23583 |    6844 |  22.5 |      36 |       8 |  18.2
   Depths:2 |   32353 |    2738 |   7.8 |      49 |       3 |   5.8
   Depths:3 |   16280 |   43374 |  72.7 |      23 |      30 |  56.6
   Depths:4 |   40299 |   72404 |  64.2 |      48 |      32 |  40.0
   Depths:5 |   36455 |    2976 |   7.5 |      25 |       5 |  16.7
      IceCv |       0 |    3398 | 100.0 |       0 |      24 | 100.0
            +---------+---------+-------+---------+---------+-------
